Jets vs Flames

Created - October 24, 2015 at 11:58

Goals
1 2 3 T
Jets 0 2 0 2
Flames 0 2 1 3
Shots
1 2 3 T
Jets 10 13 14 37
Flames 15 13 9 37

1st period

No Goal

Penalties :
Patrick Eaves (WPG) for Roughing (Minor) at 12:17, Anders Lee (WPG) for Interference (Minor) at 17:34

2nd period

1. Jets , Boyd Gordon 2 (Melker Karlsson, Korbinian Holzer) at 3:50
2. Flames , Alex Tanguay 4 (Andrew Miller, Jack Johnson) at 8:39
3. Flames , Mason Raymond 1 (Erik Johnson, Justin Faulk) at 14:54 (PP)
4. Jets , Joe Pavelski 3 (Corey Perry, Dylan Olsen) at 17:13

Penalties :
Dylan Olsen (WPG) for Hooking (Minor) at 5:13, Nicklas Grossmann (WPG) for High sticking (Minor) at 8:50, Nicklas Grossmann (WPG) for Hooking (Minor) at 13:23

3rd period

5. Flames , Erik Johnson 2 (Mike Cammalleri, Justin Faulk) at 5:47 (PP)

Penalties :
Jack Johnson (CGY) for Tripping (Minor) at 1:37, Boyd Gordon (WPG) for Hooking (Minor) at 4:30, Erik Johnson (CGY) for Tripping (Minor) at 6:40, Anze Kopitar (CGY) for High sticking (Double Minor) at 14:23

Goalie Stats

Cory Schneider (WPG), 34 saves from 37 shots - (0.919), L, 5-4-0, 59:38 minutes
Jonathan Quick (CGY), 35 saves from 37 shots - (0.946), W, 3-6-1, 60:00 minutes

Players Stats for Jets

Player Name              G  A  P  +/- PIM S  H  SB GA TA FO     MP     PP MP  PK MP  
------------------------------------------------------------------------------------
Anders Lee               0  0  0   0  2   1  4  0  0  0  0/1    19:44   3:28   2:02 
Boyd Gordon              1  0  1   1  2   3  0  0  0  0  3/6     4:05   0:00   0:14 
Brandon Pirri            0  0  0   0  0   4  0  0  0  0  2/2    19:50   3:28   1:00 
Brett Bellemore          0  0  0   0  0   1  2  2  0  0  0/0    25:13   3:46   5:46 
Cam Atkinson             0  0  0   0  0   1  0  0  0  0  0/1     7:37   0:13   0:14 
Corey Perry              0  1  1   0  0   6  4  0  0  0  1/4    20:31   4:29   0:00 
Dylan Olsen              0  1  1   1  2   0  2  2  0  0  0/0    21:26   4:11   4:36 
Jamie Benn               0  0  0   0  0   5  3  0  0  0  1/2    19:11   4:16   0:00 
Joe Pavelski             1  0  1   0  0   3  0  0  0  0  18/30  20:56   4:29   0:25 
Korbinian Holzer         0  1  1   0  0   0  0  0  0  0  0/0    14:39   0:00   1:41 
Melker Karlsson          0  1  1   1  0   1  0  0  0  0  0/0     3:52   0:00   0:00 
Nick Bonino              0  0  0   0  0   1  0  1  0  0  7/25   14:13   0:00   7:03 
Nicklas Grossmann        0  0  0   1  4   0  2  1  0  0  0/0    20:14   4:11   3:25 
Patrick Eaves            0  0  0   0  2   2  1  0  0  0  0/0     7:09   0:00   0:00 
Radko Gudas              0  0  0   0  0   1  2  1  0  0  0/0    11:26   0:00   0:23 
Tobias Enstrom           0  0  0   0  0   3  0  1  0  0  0/0    26:31   3:46   5:09 
Tomas Plekanec           0  0  0   0  0   4  0  1  0  0  22/36  21:18   3:28   3:35 
Vernon Fiddler           0  0  0   1  0   1  1  0  0  0  0/0    11:15   0:00   7:23 

Players Stats for Flames

Player Name              G  A  P  +/- PIM S  H  SB GA TA FO     MP     PP MP  PK MP  
------------------------------------------------------------------------------------
Alex Tanguay             1  0  1   0  0   4  0  0  0  0  0/1    11:01   0:00   0:47 
Andrew MacDonald         0  0  0   0  0   0  0  2  0  0  0/0     1:16   0:00   0:00 
Andrew Miller            0  1  1   0  0   1  0  0  0  0  7/14   10:48   0:34   0:00 
Anze Kopitar             0  0  0  -1  4   3  5  0  0  0  19/39  21:50   5:52   0:31 
Bobby Ryan               0  0  0   0  0   0  3  0  0  0  1/2    13:43   0:00   0:27 
Erik Johnson             1  1  2  -2  2   4  7  1  0  0  0/0    27:07   5:21   3:08 
Jack Johnson             0  1  1   1  2   3  4  0  0  0  0/0    20:30   5:23   3:16 
Jared Spurgeon           0  0  0   1  0   4  0  3  0  0  0/0    21:09   5:23   3:54 
Jay Beagle               0  0  0   0  0   3  1  0  0  0  3/3    19:22   5:18   2:27 
Justin Faulk             0  2  2  -2  0   4  1  4  0  0  0/0    28:03   5:21   4:03 
Ladislav Smid            0  0  0   0  0   0  1  0  0  0  0/0     3:04   0:00   0:00 
Mason Raymond            1  0  1  -1  0   3  0  0  0  0  1/2    21:18   4:52   0:00 
Matt Cullen              0  0  0   0  0   3  1  0  0  0  5/14   22:40   4:52   4:32 
Mike Cammalleri          0  1  1  -1  0   3  0  0  0  0  1/2    28:24   5:52   4:43 
Patrick Dwyer            0  0  0   0  0   0  3  0  0  0  0/1     2:21   0:00   0:00 
Patrik Elias             0  0  0   0  0   1  0  0  0  0  16/29  20:35   4:52   2:27 
Stephane Robidas         0  0  0   0  0   1  1  0  0  0  0/0     9:17   0:00   1:33 
Thomas Hickey            0  0  0   0  0   0  0  3  0  0  0/0     9:32   0:00   0:00 

3 Stars

1 - Erik Johnson (CGY)
2 - Jonathan Quick (CGY)
3 - Joe Pavelski (WPG)

Power Play

Jets - 0 on 4 Attempt(s) - 0.00%
Flames - 2 on 6 Attempt(s) - 33.33%

Penalty Kill

Jets - 4 on 6 Attempt(s) - 66.67% - Score 0 goal in Penalty Kill
Flames - 4 on 4 Attempt(s) - 100.00% - Score 0 goal in Penalty Kill

Team Stat

Jets - Hits : 21 - Faceoff Wins : 54 - Blocked Shots : 9 - Penalty Minutes : 12
Flames - Hits : 27 - Faceoff Wins : 53 - Blocked Shots : 13 - Penalty Minutes : 8

Official

Referees : Brad Meier and Darcy Burchell
Linesman : Greg Devorski and Derek Amell

Game Notes

Andrew MacDonald is injured at 3:33 of 1st period (Bruised Left Shoulder)

Finance

Level 1 -- Attendance: 5912 (90.95%) -- Ticket Income $650,320
Level 2 -- Attendance: 4588 (91.76%) -- Ticket Income $344,100
Level 3 -- Attendance: 3305 (94.43%) -- Ticket Income $198,300
Level 4 -- Attendance: 2798 (85.07%) -- Ticket Income $111,920
Luxury Box -- Attendance: 963 (96.30%) -- Ticket Income $192,600
Game was played at the Scotiabank Saddledome.
Total Attendance: 17566 (91.07%)
Total Ticket Income: $1,497,240
Other Income: $224,586
Total Income: $1,721,826

% Time on Ice - Jets

Lines # - Real PCT - Wanted PCT - Time Play
Normal Forward
1 - 38% - 40% - 15:22
2 - 35% - 36% - 14:15
3 - 18% - 15% - 7:10
4 - 10% - 9% - 3:52
Normal Defense
1 - 37% - 40% - 15:01
2 - 31% - 34% - 12:40
3 - 27% - 16% - 11:03
4 - 5% - 10% - 1:55
PP Forward
1 - 56% - 70% - 4:29
2 - 44% - 30% - 3:28
PP Defense
1 - 47% - 70% - 3:46
2 - 53% - 30% - 4:11
PK Forward
1 - 98% - 75% - 10:30
2 - 2% - 25% - 0:14
PK Defense
1 - 41% - 60% - 4:25
2 - 59% - 40% - 6:19
PK3 Forward
1 - 0% - 70%
2 - 0% - 30%
PK3 Defense
1 - 0% - 60%
2 - 0% - 40%
44 Forward
1 - 0% - 50%
2 - 0% - 50%
44 Defense
1 - 0% - 51%
2 - 0% - 49%
Last Minute Offensive  - 0:40
Last Minute Defensive  - 0:00
Total
Forward - 60:00
Defense - 60:00

% Time on Ice - Flames

Lines # - Real PCT - Wanted PCT - Time Play
Normal Forward
1 - 36% - 40% - 14:38
2 - 33% - 30% - 13:16
3 - 25% - 20% - 10:14
4 - 6% - 10% - 2:21
Normal Defense
1 - 44% - 40% - 17:49
2 - 29% - 30% - 11:52
3 - 19% - 20% - 7:44
4 - 8% - 10% - 3:04
PP Forward
1 - 55% - 60% - 5:52
2 - 45% - 40% - 4:52
PP Defense
1 - 50% - 60% - 5:21
2 - 50% - 40% - 5:23
PK Forward
1 - 69% - 60% - 5:30
2 - 31% - 40% - 2:27
PK Defense
1 - 51% - 60% - 4:03
2 - 49% - 40% - 3:54
PK3 Forward
1 - 0% - 60%
2 - 0% - 40%
PK3 Defense
1 - 0% - 60%
2 - 0% - 40%
44 Forward
1 - 0% - 60%
2 - 0% - 40%
44 Defense
1 - 0% - 60%
2 - 0% - 40%
Last Minute Offensive  - 0:00
Last Minute Defensive  - 0:50
Total
Forward - 60:00
Defense - 60:00

Play by Play

1st period


0:01 of 1st period - Joe Pavelski wins face-off versus Anze Kopitar in neutral zone.
0:04 of 1st period - Anze Kopitar is hit by Corey Perry and loses puck.
0:36 of 1st period - Shot by Corey Perry.
0:36 of 1st period - Shot Misses the Net.
0:55 of 1st period - Shot by Bobby Ryan.
0:55 of 1st period - Shot Misses the Net.
0:57 of 1st period - Shot by Jack Johnson.
0:57 of 1st period - Stopped by Cory Schneider without a rebound.
0:58 of 1st period - Tomas Plekanec wins face-off versus Andrew Miller in Jets zone.
1:14 of 1st period - Alex Tanguay is hit by Anders Lee and loses puck.
1:19 of 1st period - Dylan Olsen is hit by Stephane Robidas and loses puck.
1:28 of 1st period - Shot by Alex Tanguay.
1:28 of 1st period - Stopped by Cory Schneider without a rebound.
1:29 of 1st period - Patrik Elias wins face-off versus Nick Bonino in Jets zone.
2:06 of 1st period - Patrick Eaves is hit by Jack Johnson and loses puck.
2:22 of 1st period - Nick Bonino is hit by Patrick Dwyer and loses puck.
3:05 of 1st period - Andrew MacDonald is hit by Nicklas Grossmann and loses puck.
3:11 of 1st period - Nicklas Grossmann is hit by Ladislav Smid and loses puck.
3:27 of 1st period - Icing by Ladislav Smid.
3:28 of 1st period - Joe Pavelski wins face-off versus Patrick Dwyer in Flames zone.
3:31 of 1st period - Shot by Corey Perry.
3:31 of 1st period - Shot Blocked by Andrew MacDonald.
3:33 of 1st period - Shot by Brandon Pirri.
3:33 of 1st period - Shot Blocked by Andrew MacDonald.
3:33 of 1st period - Andrew MacDonald from Flames is injured at 3:33 of 1st period (Bruised Left Shoulder).
3:34 of 1st period - Joe Pavelski wins face-off versus Patrik Elias in Flames zone.
3:39 of 1st period - Shot by Corey Perry.
3:39 of 1st period - Shot Blocked by Erik Johnson.
3:41 of 1st period - Shot by Brett Bellemore.
3:41 of 1st period - Stopped by Jonathan Quick without a rebound.
3:42 of 1st period - Boyd Gordon wins face-off versus Matt Cullen in Flames zone.
3:53 of 1st period - Shot by Boyd Gordon.
3:53 of 1st period - Stopped by Jonathan Quick without a rebound.
3:54 of 1st period - Patrik Elias wins face-off versus Tomas Plekanec in Flames zone.
4:03 of 1st period - Shot by Bobby Ryan.
4:03 of 1st period - Shot Misses the Net.
4:15 of 1st period - Icing by Anders Lee.
4:16 of 1st period - Anze Kopitar wins face-off versus Tomas Plekanec in Jets zone.
4:43 of 1st period - Shot by Anze Kopitar.
4:43 of 1st period - Shot Misses the Net.
4:45 of 1st period - Shot by Erik Johnson.
4:45 of 1st period - Stopped by Cory Schneider without a rebound.
4:46 of 1st period - Joe Pavelski wins face-off versus Andrew Miller in Jets zone.
4:53 of 1st period - Shot by Joe Pavelski.
4:53 of 1st period - Stopped by Jonathan Quick with a rebound.
4:55 of 1st period - Shot by Corey Perry.
4:55 of 1st period - Shot Misses the Net.
4:57 of 1st period - Shot by Brandon Pirri.
4:57 of 1st period - Stopped by Jonathan Quick without a rebound.
4:58 of 1st period - Boyd Gordon wins face-off versus Patrik Elias in Flames zone.
6:15 of 1st period - Icing by Joe Pavelski.
6:16 of 1st period - Joe Pavelski wins face-off versus Andrew Miller in Jets zone.
6:16 of 1st period - Joe Pavelski is hit by Jay Beagle.
6:39 of 1st period - Joe Pavelski is hit by Jack Johnson.
6:44 of 1st period - Corey Perry is hit by Jack Johnson and loses puck.
6:47 of 1st period - Shot by Brandon Pirri.
6:47 of 1st period - Stopped by Jonathan Quick without a rebound.
6:48 of 1st period - Tomas Plekanec wins face-off versus Anze Kopitar in Flames zone.
6:48 of 1st period - Tobias Enstrom is hit by Erik Johnson and loses puck.
7:02 of 1st period - Icing by Anze Kopitar.
7:03 of 1st period - Mason Raymond wins face-off versus Nick Bonino in Flames zone.
7:28 of 1st period - Shot by Cam Atkinson.
7:28 of 1st period - Shot Misses the Net.
7:30 of 1st period - Shot by Cam Atkinson.
7:30 of 1st period - Stopped by Jonathan Quick without a rebound.
7:31 of 1st period - Andrew Miller wins face-off versus Joe Pavelski in Flames zone.
7:40 of 1st period - Shot by Corey Perry.
7:40 of 1st period - Shot Misses the Net.
8:37 of 1st period - Icing by Jamie Benn.
8:38 of 1st period - Anze Kopitar wins face-off versus Tomas Plekanec in Jets zone.
8:39 of 1st period - Shot by Mike Cammalleri.
8:39 of 1st period - Deflect By Mason Raymond.
8:39 of 1st period - Stopped by Cory Schneider with a rebound.
8:41 of 1st period - Shot by Erik Johnson.
8:41 of 1st period - Shot Misses the Net.
8:43 of 1st period - Shot by Erik Johnson.
8:43 of 1st period - Stopped by Cory Schneider without a rebound.
8:44 of 1st period - Anze Kopitar wins face-off versus Boyd Gordon in Jets zone.
9:19 of 1st period - Justin Faulk is hit by Vernon Fiddler.
9:54 of 1st period - Icing by Stephane Robidas.
9:55 of 1st period - Tomas Plekanec wins face-off versus Patrik Elias in Flames zone.
10:02 of 1st period - Shot by Tomas Plekanec.
10:02 of 1st period - Stopped by Jonathan Quick without a rebound.
10:03 of 1st period - Tomas Plekanec wins face-off versus Patrik Elias in Flames zone.
10:20 of 1st period - Shot by Tomas Plekanec.
10:20 of 1st period - Deflect By Jamie Benn.
10:20 of 1st period - Stopped by Jonathan Quick without a rebound.
10:21 of 1st period - Andrew Miller wins face-off versus Joe Pavelski in Flames zone.
10:40 of 1st period - Andrew Miller is hit by Dylan Olsen and loses puck.
10:45 of 1st period - Shot by Jay Beagle.
10:45 of 1st period - Stopped by Cory Schneider without a rebound.
10:46 of 1st period - Anze Kopitar wins face-off versus Tomas Plekanec in Jets zone.
10:53 of 1st period - Shot by Anze Kopitar.
10:53 of 1st period - Shot Misses the Net.
11:03 of 1st period - Shot by Tomas Plekanec.
11:03 of 1st period - Shot Misses the Net.
11:19 of 1st period - Shot by Jamie Benn.
11:19 of 1st period - Deflect By Tomas Plekanec.
11:19 of 1st period - Shot Misses the Net.
11:21 of 1st period - Shot by Jamie Benn.
11:21 of 1st period - Shot Misses the Net.
11:23 of 1st period - Shot by Tobias Enstrom.
11:23 of 1st period - Stopped by Jonathan Quick without a rebound.
11:24 of 1st period - Patrik Elias wins face-off versus Joe Pavelski in Flames zone.
12:00 of 1st period - Shot by Corey Perry.
12:00 of 1st period - Shot Blocked by Justin Faulk.
12:17 of 1st period - Minor Penalty to Patrick Eaves for Roughing.
12:18 of 1st period - Jay Beagle wins face-off versus Nick Bonino in Jets zone.
13:18 of 1st period - Off-side.
13:19 of 1st period - Patrik Elias wins face-off versus Nick Bonino in neutral zone.
13:40 of 1st period - Shot by Matt Cullen.
13:40 of 1st period - Stopped by Cory Schneider with a rebound.
13:42 of 1st period - Shot by Justin Faulk.
13:42 of 1st period - Stopped by Cory Schneider with a rebound.
13:44 of 1st period - Shot by Matt Cullen.
13:44 of 1st period - Stopped by Cory Schneider without a rebound.
13:45 of 1st period - Anze Kopitar wins face-off versus Tomas Plekanec in Jets zone.
13:48 of 1st period - Shot by Mike Cammalleri.
13:48 of 1st period - Shot Misses the Net.
13:50 of 1st period - Shot by Jared Spurgeon.
13:50 of 1st period - Stopped by Cory Schneider with a rebound.
13:52 of 1st period - Shot by Jared Spurgeon.
13:52 of 1st period - Shot Blocked by Dylan Olsen.
13:54 of 1st period - Shot by Mike Cammalleri.
13:54 of 1st period - Stopped by Cory Schneider with a rebound.
14:25 of 1st period - Alex Tanguay is hit by Radko Gudas and loses puck.
15:17 of 1st period - Icing by Nicklas Grossmann.
15:18 of 1st period - Tomas Plekanec wins face-off versus Patrik Elias in Jets zone.
15:18 of 1st period - Tomas Plekanec is hit by Bobby Ryan.
15:40 of 1st period - Shot by Patrik Elias.
15:40 of 1st period - Deflect By Bobby Ryan.
15:40 of 1st period - Shot Blocked by Nicklas Grossmann.
15:42 of 1st period - Shot by Justin Faulk.
15:42 of 1st period - Stopped by Cory Schneider with a rebound.
15:44 of 1st period - Shot by Justin Faulk.
15:44 of 1st period - Stopped by Cory Schneider without a rebound.
15:45 of 1st period - Jay Beagle wins face-off versus Nick Bonino in Jets zone.
15:45 of 1st period - Jay Beagle is hit by Brett Bellemore.
15:49 of 1st period - Shot by Mike Cammalleri.
15:49 of 1st period - Shot Blocked by Nick Bonino.
16:01 of 1st period - Tobias Enstrom is hit by Patrick Dwyer and loses puck.
16:15 of 1st period - Nick Bonino is hit by Patrick Dwyer and loses puck.
17:34 of 1st period - Minor Penalty to Anders Lee for Interference.
17:35 of 1st period - Tomas Plekanec wins face-off versus Anze Kopitar in Jets zone.
17:35 of 1st period - Tomas Plekanec is hit by Anze Kopitar.
17:42 of 1st period - Icing by Erik Johnson.
17:43 of 1st period - Tomas Plekanec wins face-off versus Anze Kopitar in Flames zone.
18:21 of 1st period - Icing by Jared Spurgeon.
18:22 of 1st period - Nick Bonino wins face-off versus Patrik Elias in Flames zone.
18:27 of 1st period - Shot by Vernon Fiddler.
18:27 of 1st period - Stopped by Jonathan Quick with a rebound.
18:55 of 1st period - Shot by Jared Spurgeon.
18:55 of 1st period - Stopped by Cory Schneider without a rebound.
18:56 of 1st period - Tomas Plekanec wins face-off versus Anze Kopitar in Jets zone.
19:18 of 1st period - Shot by Erik Johnson.
19:18 of 1st period - Shot Misses the Net.
19:20 of 1st period - Shot by Erik Johnson.
19:20 of 1st period - Stopped by Cory Schneider with a rebound.
Goals for this period are 0 for Jets vs 0 for Flames.
Shots for this period are 10 for Jets vs 15 for Flames.

2nd period


0:01 of 2nd period - Tomas Plekanec wins face-off versus Anze Kopitar in neutral zone.
0:01 of 2nd period - Tomas Plekanec is hit by Anze Kopitar.
0:04 of 2nd period - Jamie Benn is hit by Erik Johnson and loses puck.
0:13 of 2nd period - Shot by Tomas Plekanec.
0:13 of 2nd period - Stopped by Jonathan Quick without a rebound.
0:14 of 2nd period - Andrew Miller wins face-off versus Joe Pavelski in Flames zone.
0:31 of 2nd period - Shot by Jay Beagle.
0:31 of 2nd period - Stopped by Cory Schneider without a rebound.
0:32 of 2nd period - Tomas Plekanec wins face-off versus Anze Kopitar in Jets zone.
1:17 of 2nd period - Icing by Justin Faulk.
1:18 of 2nd period - Joe Pavelski wins face-off versus Anze Kopitar in Flames zone.
1:21 of 2nd period - Shot by Brandon Pirri.
1:21 of 2nd period - Deflect By Joe Pavelski.
1:21 of 2nd period - Stopped by Jonathan Quick without a rebound.
1:22 of 2nd period - Joe Pavelski wins face-off versus Bobby Ryan in Flames zone.
1:44 of 2nd period - Shot by Corey Perry.
1:44 of 2nd period - Shot Blocked by Jared Spurgeon.
1:46 of 2nd period - Shot by Dylan Olsen.
1:46 of 2nd period - Shot Blocked by Jared Spurgeon.
2:00 of 2nd period - Shot by Joe Pavelski.
2:00 of 2nd period - Shot Blocked by Jared Spurgeon.
2:02 of 2nd period - Shot by Corey Perry.
2:02 of 2nd period - Stopped by Jonathan Quick without a rebound.
2:03 of 2nd period - Andrew Miller wins face-off versus Tomas Plekanec in Flames zone.
2:29 of 2nd period - Jamie Benn is hit by Justin Faulk and loses puck.
2:44 of 2nd period - Icing by Tomas Plekanec.
2:45 of 2nd period - Tomas Plekanec wins face-off versus Anze Kopitar in Jets zone.
3:14 of 2nd period - Shot by Brandon Pirri.
3:14 of 2nd period - Stopped by Jonathan Quick without a rebound.
3:15 of 2nd period - Patrik Elias wins face-off versus Boyd Gordon in Flames zone.
3:33 of 2nd period - Icing by Melker Karlsson.
3:34 of 2nd period - Boyd Gordon wins face-off versus Andrew Miller in Jets zone.
3:48 of 2nd period - Shot by Melker Karlsson.
3:48 of 2nd period - Stopped by Jonathan Quick with a rebound.
3:50 of 2nd period - Shot by Boyd Gordon.
3:50 of 2nd period - Goal by Boyd Gordon - Jets : 1 - Flames : 0.
3:51 of 2nd period - Anze Kopitar wins face-off versus Joe Pavelski in neutral zone.
3:51 of 2nd period - Jared Spurgeon is hit by Corey Perry and loses puck.
3:58 of 2nd period - Shot by Mason Raymond.
3:58 of 2nd period - Stopped by Cory Schneider without a rebound.
3:59 of 2nd period - Anze Kopitar wins face-off versus Joe Pavelski in Jets zone.
4:00 of 2nd period - Shot by Mike Cammalleri.
4:00 of 2nd period - Stopped by Cory Schneider without a rebound.
4:01 of 2nd period - Joe Pavelski wins face-off versus Anze Kopitar in Jets zone.
4:01 of 2nd period - Joe Pavelski is hit by Anze Kopitar.
4:56 of 2nd period - Shot by Jamie Benn.
4:56 of 2nd period - Stopped by Jonathan Quick without a rebound.
4:57 of 2nd period - Tomas Plekanec wins face-off versus Patrik Elias in Flames zone.
5:13 of 2nd period - Minor Penalty to Dylan Olsen for Hooking.
5:14 of 2nd period - Patrik Elias wins face-off versus Nick Bonino in Jets zone.
5:41 of 2nd period - Shot by Jack Johnson.
5:41 of 2nd period - Shot Blocked by Brett Bellemore.
5:48 of 2nd period - Icing by Jared Spurgeon.
5:49 of 2nd period - Patrik Elias wins face-off versus Nick Bonino in Flames zone.
5:56 of 2nd period - Tobias Enstrom is hit by Matt Cullen and loses puck.
6:21 of 2nd period - Shot by Tomas Plekanec.
6:21 of 2nd period - Stopped by Jonathan Quick without a rebound.
6:22 of 2nd period - Anze Kopitar wins face-off versus Nick Bonino in Flames zone.
7:04 of 2nd period - Shot by Mike Cammalleri.
7:04 of 2nd period - Deflect By Jay Beagle.
7:04 of 2nd period - Shot Misses the Net.
7:36 of 2nd period - Shot by Patrik Elias.
7:36 of 2nd period - Deflect By Bobby Ryan.
7:36 of 2nd period - Shot Misses the Net.
7:58 of 2nd period - Radko Gudas is hit by Bobby Ryan and loses puck.
8:39 of 2nd period - Shot by Alex Tanguay.
8:39 of 2nd period - Goal by Alex Tanguay - Jets : 1 - Flames : 1.
8:40 of 2nd period - Tomas Plekanec wins face-off versus Anze Kopitar in neutral zone.
8:49 of 2nd period - Mike Cammalleri is hit by Dylan Olsen and loses puck.
8:50 of 2nd period - Minor Penalty to Nicklas Grossmann for High sticking.
8:51 of 2nd period - Anze Kopitar wins face-off versus Nick Bonino in Jets zone.
9:24 of 2nd period - Shot by Justin Faulk.
9:24 of 2nd period - Stopped by Cory Schneider with a rebound.
9:26 of 2nd period - Shot by Jay Beagle.
9:26 of 2nd period - Deflect By Anze Kopitar.
9:26 of 2nd period - Shot Misses the Net.
10:00 of 2nd period - Shot by Jared Spurgeon.
10:00 of 2nd period - Stopped by Cory Schneider with a rebound.
10:02 of 2nd period - Shot by Matt Cullen.
10:02 of 2nd period - Shot Blocked by Tomas Plekanec.
10:47 of 2nd period - Off-side.
10:48 of 2nd period - Nick Bonino wins face-off versus Patrik Elias in neutral zone.
10:51 of 2nd period - Alex Tanguay is hit by Anders Lee and loses puck.
11:11 of 2nd period - Icing by Thomas Hickey.
11:12 of 2nd period - Nick Bonino wins face-off versus Andrew Miller in Flames zone.
11:33 of 2nd period - Shot by Patrick Eaves.
11:33 of 2nd period - Stopped by Jonathan Quick without a rebound.
11:34 of 2nd period - Patrik Elias wins face-off versus Corey Perry in Flames zone.
12:33 of 2nd period - Shot by Anze Kopitar.
12:33 of 2nd period - Stopped by Cory Schneider without a rebound.
12:34 of 2nd period - Anze Kopitar wins face-off versus Tomas Plekanec in Jets zone.
12:55 of 2nd period - Jack Johnson is hit by Jamie Benn and loses puck.
13:14 of 2nd period - Shot by Anze Kopitar.
13:14 of 2nd period - Stopped by Cory Schneider without a rebound.
13:15 of 2nd period - Andrew Miller wins face-off versus Nick Bonino in Jets zone.
13:22 of 2nd period - Shot by Alex Tanguay.
13:22 of 2nd period - Stopped by Cory Schneider without a rebound.
13:23 of 2nd period - Patrik Elias wins face-off versus Cam Atkinson in Jets zone.
13:23 of 2nd period - Minor Penalty to Nicklas Grossmann for Hooking.
13:24 of 2nd period - Anze Kopitar wins face-off versus Nick Bonino in Jets zone.
13:47 of 2nd period - Shot by Anze Kopitar.
13:47 of 2nd period - Shot Blocked by Tobias Enstrom.
14:24 of 2nd period - Off-side.
14:25 of 2nd period - Patrik Elias wins face-off versus Nick Bonino in neutral zone.
14:40 of 2nd period - Shot by Jared Spurgeon.
14:40 of 2nd period - Stopped by Cory Schneider without a rebound.
14:41 of 2nd period - Nick Bonino wins face-off versus Patrik Elias in Jets zone.
14:52 of 2nd period - Shot by Erik Johnson.
14:52 of 2nd period - Shot Misses the Net.
14:54 of 2nd period - Shot by Mason Raymond.
14:54 of 2nd period - The goal is going for a video replay.
14:54 of 2nd period - The goal is good.
14:54 of 2nd period - Goal by Mason Raymond - Jets : 1 - Flames : 2.
14:55 of 2nd period - Andrew Miller wins face-off versus Tomas Plekanec in neutral zone.
15:00 of 2nd period - Shot by Alex Tanguay.
15:00 of 2nd period - Shot Misses the Net.
15:30 of 2nd period - Shot by Jay Beagle.
15:30 of 2nd period - Stopped by Cory Schneider with a rebound.
15:45 of 2nd period - Icing by Brett Bellemore.
15:46 of 2nd period - Tomas Plekanec wins face-off versus Anze Kopitar in Jets zone.
16:02 of 2nd period - Icing by Justin Faulk.
16:03 of 2nd period - Joe Pavelski wins face-off versus Anze Kopitar in Flames zone.
16:13 of 2nd period - Shot by Joe Pavelski.
16:13 of 2nd period - Shot Misses the Net.
16:15 of 2nd period - Shot by Nicklas Grossmann.
16:15 of 2nd period - Shot Blocked by Justin Faulk.
16:21 of 2nd period - Shot by Brandon Pirri.
16:21 of 2nd period - Deflect By Corey Perry.
16:21 of 2nd period - Stopped by Jonathan Quick without a rebound.
16:22 of 2nd period - Matt Cullen wins face-off versus Nick Bonino in Flames zone.
16:22 of 2nd period - Jared Spurgeon is hit by Patrick Eaves.
16:40 of 2nd period - Shot by Patrik Elias.
16:40 of 2nd period - Stopped by Cory Schneider without a rebound.
16:41 of 2nd period - Anze Kopitar wins face-off versus Joe Pavelski in Jets zone.
17:13 of 2nd period - Shot by Joe Pavelski.
17:13 of 2nd period - Goal by Joe Pavelski - Jets : 2 - Flames : 2.
17:14 of 2nd period - Tomas Plekanec wins face-off versus Patrik Elias in neutral zone.
17:43 of 2nd period - Shot by Tomas Plekanec.
17:43 of 2nd period - Shot Blocked by Thomas Hickey.
17:55 of 2nd period - Shot by Jamie Benn.
17:55 of 2nd period - Stopped by Jonathan Quick without a rebound.
17:56 of 2nd period - Mike Cammalleri wins face-off versus Joe Pavelski in Flames zone.
18:23 of 2nd period - Anze Kopitar is hit by Corey Perry and loses puck.
18:40 of 2nd period - Brandon Pirri is hit by Erik Johnson and loses puck.
19:01 of 2nd period - Shot by Cam Atkinson.
19:01 of 2nd period - Shot Blocked by Justin Faulk.
19:07 of 2nd period - Shot by Nick Bonino.
19:07 of 2nd period - Stopped by Jonathan Quick without a rebound.
19:08 of 2nd period - Patrik Elias wins face-off versus Anders Lee in Flames zone.
19:19 of 2nd period - Shot by Patrik Elias.
19:19 of 2nd period - Shot Misses the Net.
Goals for this period are 2 for Jets vs 2 for Flames.
Shots for this period are 13 for Jets vs 13 for Flames.

3rd period


0:01 of 3rd period - Joe Pavelski wins face-off versus Anze Kopitar in neutral zone.
0:11 of 3rd period - Shot by Anze Kopitar.
0:11 of 3rd period - Stopped by Cory Schneider without a rebound.
0:12 of 3rd period - Patrik Elias wins face-off versus Tomas Plekanec in Jets zone.
0:12 of 3rd period - Patrik Elias is hit by Nicklas Grossmann.
0:18 of 3rd period - Shot by Bobby Ryan.
0:18 of 3rd period - Deflect By Patrik Elias.
0:18 of 3rd period - Shot Blocked by Dylan Olsen.
0:20 of 3rd period - Shot by Ladislav Smid.
0:20 of 3rd period - Shot Hit the Post.
0:22 of 3rd period - Shot by Matt Cullen.
0:22 of 3rd period - Stopped by Cory Schneider without a rebound.
0:23 of 3rd period - Anze Kopitar wins face-off versus Corey Perry in Jets zone.
0:58 of 3rd period - Shot by Corey Perry.
0:58 of 3rd period - Stopped by Jonathan Quick without a rebound.
0:59 of 3rd period - Patrik Elias wins face-off versus Tomas Plekanec in Flames zone.
0:59 of 3rd period - Patrik Elias is hit by Anders Lee.
1:13 of 3rd period - Shot by Bobby Ryan.
1:13 of 3rd period - Shot Misses the Net.
1:37 of 3rd period - Minor Penalty to Jack Johnson for Tripping.
1:38 of 3rd period - Joe Pavelski wins face-off versus Matt Cullen in Flames zone.
1:47 of 3rd period - Shot by Jamie Benn.
1:47 of 3rd period - Deflect By Corey Perry.
1:47 of 3rd period - Stopped by Jonathan Quick without a rebound.
1:48 of 3rd period - Joe Pavelski wins face-off versus Matt Cullen in Flames zone.
1:55 of 3rd period - Shot by Tobias Enstrom.
1:55 of 3rd period - Stopped by Jonathan Quick without a rebound.
1:56 of 3rd period - Brandon Pirri wins face-off versus Matt Cullen in Flames zone.
2:10 of 3rd period - Icing by Brandon Pirri.
2:11 of 3rd period - Tomas Plekanec wins face-off versus Matt Cullen in Jets zone.
2:32 of 3rd period - Shot by Tomas Plekanec.
2:32 of 3rd period - Stopped by Jonathan Quick without a rebound.
2:33 of 3rd period - Matt Cullen wins face-off versus Corey Perry in Flames zone.
2:44 of 3rd period - Shot by Corey Perry.
2:44 of 3rd period - Shot Blocked by Justin Faulk.
3:19 of 3rd period - Icing by Nicklas Grossmann.
3:20 of 3rd period - Joe Pavelski wins face-off versus Anze Kopitar in Jets zone.
3:58 of 3rd period - Shot by Andrew Miller.
3:58 of 3rd period - Stopped by Cory Schneider without a rebound.
3:59 of 3rd period - Anze Kopitar wins face-off versus Boyd Gordon in Jets zone.
4:30 of 3rd period - Minor Penalty to Boyd Gordon for Hooking.
4:31 of 3rd period - Nick Bonino wins face-off versus Patrik Elias in Jets zone.
4:40 of 3rd period - Shot by Jack Johnson.
4:40 of 3rd period - Stopped by Cory Schneider with a rebound.
5:03 of 3rd period - Icing by Patrik Elias.
5:04 of 3rd period - Nick Bonino wins face-off versus Patrik Elias in Flames zone.
5:45 of 3rd period - Shot by Mike Cammalleri.
5:45 of 3rd period - Shot Blocked by Brett Bellemore.
5:47 of 3rd period - Shot by Erik Johnson.
5:47 of 3rd period - Goal by Erik Johnson - Jets : 2 - Flames : 3.
5:48 of 3rd period - Joe Pavelski wins face-off versus Andrew Miller in neutral zone.
6:15 of 3rd period - Shot by Corey Perry.
6:15 of 3rd period - Shot Hit the Post.
6:17 of 3rd period - Shot by Radko Gudas.
6:17 of 3rd period - Stopped by Jonathan Quick without a rebound.
6:18 of 3rd period - Patrik Elias wins face-off versus Jamie Benn in Flames zone.
6:40 of 3rd period - Minor Penalty to Erik Johnson for Tripping.
6:41 of 3rd period - Joe Pavelski wins face-off versus Matt Cullen in Flames zone.
7:13 of 3rd period - Jamie Benn is hit by Jack Johnson and loses puck.
7:52 of 3rd period - Shot by Anders Lee.
7:52 of 3rd period - Stopped by Jonathan Quick without a rebound.
7:53 of 3rd period - Matt Cullen wins face-off versus Tomas Plekanec in Flames zone.
7:53 of 3rd period - Matt Cullen is hit by Anders Lee.
8:04 of 3rd period - Off-side.
8:05 of 3rd period - Matt Cullen wins face-off versus Tomas Plekanec in neutral zone.
8:53 of 3rd period - Shot by Melker Karlsson.
8:53 of 3rd period - Shot Misses the Net.
9:01 of 3rd period - Shot by Melker Karlsson.
9:01 of 3rd period - Shot Blocked by Thomas Hickey.
9:03 of 3rd period - Shot by Boyd Gordon.
9:03 of 3rd period - Shot Blocked by Thomas Hickey.
9:05 of 3rd period - Shot by Boyd Gordon.
9:05 of 3rd period - Shot Misses the Net.
9:17 of 3rd period - Shot by Boyd Gordon.
9:17 of 3rd period - Stopped by Jonathan Quick without a rebound.
9:18 of 3rd period - Anze Kopitar wins face-off versus Nick Bonino in Flames zone.
9:27 of 3rd period - Shot by Mike Cammalleri.
9:27 of 3rd period - Deflect By Mason Raymond.
9:27 of 3rd period - Shot Misses the Net.
9:34 of 3rd period - Nicklas Grossmann is hit by Erik Johnson and loses puck.
9:47 of 3rd period - Shot by Dylan Olsen.
9:47 of 3rd period - Shot Misses the Net.
9:52 of 3rd period - Icing by Justin Faulk.
9:53 of 3rd period - Joe Pavelski wins face-off versus Anze Kopitar in Flames zone.
10:26 of 3rd period - Shot by Corey Perry.
10:26 of 3rd period - Deflect By Brandon Pirri.
10:26 of 3rd period - Stopped by Jonathan Quick without a rebound.
10:27 of 3rd period - Tomas Plekanec wins face-off versus Andrew Miller in Flames zone.
10:49 of 3rd period - Shot by Alex Tanguay.
10:49 of 3rd period - Stopped by Cory Schneider without a rebound.
10:50 of 3rd period - Patrik Elias wins face-off versus Nick Bonino in Jets zone.
10:51 of 3rd period - Shot by Stephane Robidas.
10:51 of 3rd period - Stopped by Cory Schneider without a rebound.
10:52 of 3rd period - Brandon Pirri wins face-off versus Patrik Elias in Jets zone.
11:23 of 3rd period - Shot by Corey Perry.
11:23 of 3rd period - Stopped by Jonathan Quick without a rebound.
11:24 of 3rd period - Tomas Plekanec wins face-off versus Anze Kopitar in Flames zone.
11:37 of 3rd period - Anze Kopitar is hit by Jamie Benn and loses puck.
11:48 of 3rd period - Shot by Jamie Benn.
11:48 of 3rd period - Stopped by Jonathan Quick without a rebound.
11:49 of 3rd period - Nick Bonino wins face-off versus Alex Tanguay in Flames zone.
11:50 of 3rd period - Shot by Patrick Eaves.
11:50 of 3rd period - Stopped by Jonathan Quick without a rebound.
11:51 of 3rd period - Patrik Elias wins face-off versus Joe Pavelski in Flames zone.
12:00 of 3rd period - Brandon Pirri is hit by Bobby Ryan.
12:19 of 3rd period - Shot by Joe Pavelski.
12:19 of 3rd period - Shot Misses the Net.
12:25 of 3rd period - Shot by Corey Perry.
12:25 of 3rd period - Shot Misses the Net.
12:35 of 3rd period - Shot by Corey Perry.
12:35 of 3rd period - Stopped by Jonathan Quick without a rebound.
12:36 of 3rd period - Tomas Plekanec wins face-off versus Mike Cammalleri in Flames zone.
12:37 of 3rd period - Shot by Jamie Benn.
12:37 of 3rd period - Shot Misses the Net.
12:53 of 3rd period - Shot by Jack Johnson.
12:53 of 3rd period - Stopped by Cory Schneider without a rebound.
12:54 of 3rd period - Andrew Miller wins face-off versus Nick Bonino in Jets zone.
13:13 of 3rd period - Icing by Cam Atkinson.
13:14 of 3rd period - Anze Kopitar wins face-off versus Nick Bonino in Jets zone.
13:18 of 3rd period - Icing by Korbinian Holzer.
13:19 of 3rd period - Anze Kopitar wins face-off versus Nick Bonino in Jets zone.
13:20 of 3rd period - Shot by Mike Cammalleri.
13:20 of 3rd period - Stopped by Cory Schneider without a rebound.
13:21 of 3rd period - Tomas Plekanec wins face-off versus Anze Kopitar in Jets zone.
13:21 of 3rd period - Tomas Plekanec is hit by Anze Kopitar.
13:24 of 3rd period - Icing by Jamie Benn.
13:25 of 3rd period - Anze Kopitar wins face-off versus Tomas Plekanec in Jets zone.
13:29 of 3rd period - Icing by Tobias Enstrom.
13:30 of 3rd period - Tomas Plekanec wins face-off versus Anze Kopitar in Jets zone.
13:30 of 3rd period - Tomas Plekanec is hit by Anze Kopitar.
14:10 of 3rd period - Shot by Tomas Plekanec.
14:10 of 3rd period - Shot Misses the Net.
14:19 of 3rd period - Erik Johnson is hit by Brett Bellemore and loses puck.
14:23 of 3rd period - Double Minor Penalty to Anze Kopitar for High sticking.
14:24 of 3rd period - Corey Perry wins face-off versus Matt Cullen in Flames zone.
14:37 of 3rd period - Shot by Jamie Benn.
14:37 of 3rd period - Stopped by Jonathan Quick without a rebound.
14:38 of 3rd period - Matt Cullen wins face-off versus Joe Pavelski in Flames zone.
14:50 of 3rd period - Off-side.
14:51 of 3rd period - Tomas Plekanec wins face-off versus Matt Cullen in neutral zone.
15:07 of 3rd period - Tomas Plekanec is hit by Erik Johnson and loses puck.
15:22 of 3rd period - Shot by Tomas Plekanec.
15:22 of 3rd period - Shot Misses the Net.
15:24 of 3rd period - Shot by Tobias Enstrom.
15:24 of 3rd period - Deflect By Brandon Pirri.
15:24 of 3rd period - Shot Misses the Net.
16:02 of 3rd period - Shot by Corey Perry.
16:02 of 3rd period - Shot Misses the Net.
16:04 of 3rd period - Shot by Nicklas Grossmann.
16:04 of 3rd period - Shot Misses the Net.
16:36 of 3rd period - Shot by Brett Bellemore.
16:36 of 3rd period - Shot Misses the Net.
16:38 of 3rd period - Shot by Tobias Enstrom.
16:38 of 3rd period - Stopped by Jonathan Quick without a rebound.
16:39 of 3rd period - Bobby Ryan wins face-off versus Joe Pavelski in Flames zone.
16:51 of 3rd period - Icing by Dylan Olsen.
16:52 of 3rd period - Jamie Benn wins face-off versus Matt Cullen in Jets zone.
16:52 of 3rd period - Jamie Benn is hit by Erik Johnson.
17:04 of 3rd period - Shot by Jamie Benn.
17:04 of 3rd period - Shot Misses the Net.
17:30 of 3rd period - Icing by Tobias Enstrom.
17:31 of 3rd period - Jay Beagle wins face-off versus Tomas Plekanec in Jets zone.
18:38 of 3rd period - Shot by Alex Tanguay.
18:38 of 3rd period - Shot Blocked by Radko Gudas.
18:40 of 3rd period - Shot by Stephane Robidas.
18:40 of 3rd period - Shot Misses the Net.
19:00 of 3rd period - Alex Tanguay is hit by Radko Gudas and loses puck.
19:32 of 3rd period - Icing by Justin Faulk.
19:33 of 3rd period - Joe Pavelski wins face-off versus Anze Kopitar in Flames zone.
19:33 of 3rd period - Corey Perry is hit by Erik Johnson.
19:36 of 3rd period - Icing by Justin Faulk.
19:37 of 3rd period - Joe Pavelski wins face-off versus Mason Raymond in Flames zone.
19:38 of 3rd period - Jets, Cory Schneider is pulled from the net.
19:46 of 3rd period - Icing by Erik Johnson.
19:47 of 3rd period - Anze Kopitar wins face-off versus Joe Pavelski in Flames zone.
19:47 of 3rd period - Anze Kopitar is hit by Corey Perry.
19:53 of 3rd period - Anze Kopitar is hit by Jamie Benn and loses puck.
Goals for this period are 0 for Jets vs 1 for Flames.
Shots for this period are 14 for Jets vs 9 for Flames.